 Dungeon Sprint DCSS version 0.29.1-15-g9cfb28693d (webtiles) character file.

Game seed: 146591234390684796

991 Groucho the Fighter (level 8, -1/84 HPs)
             Began as a Naga Fighter on Apr 19, 2023.
             Was a Believer of Cheibriados.
             Slain by a six-headed hydra (10 damage)
             ... in the Dungeon (Sprint IX: "|||||||||||||||||||||||||||||").
             The game lasted 00:02:24 (1542 turns).

Groucho the Fighter (Naga Fighter)                  Turns: 1542, Time: 00:02:25

Health: -1/84      AC: 18    Str: 25    XL:     8   Next: 18%
Magic:  12/12      EV:  8    Int: 13    God:    Cheibriados [**....]
Gold:   0          SH:  0    Dex: 17    Spells: 7/7 levels left

rFire   . . .      SeeInvis +   l - +2 morningstar (protect)
rCold   . . .      Faith    .   c - +0 buckler
rNeg    . . .      Spirit   .   o - +1 chain mail
rPois   +          Reflect  .   (no helmet)
rElec   .          Harm     .   (no cloak)
rCorr   .          Rampage  .   n - +0 pair of gloves
Will    +....      NoTele   +   (no barding)
Stlth   ..........              (no amulet)
HPRegen 0.24/turn               a - +3 ring of strength
MPRegen 0.13/turn               b - +2 ring of evasion

@: confused, under a protective aura, very slow
A: AC +2, large, see invisible, deformed body, poison resistance, slowness 2,
spit poison 1, naga tail 1
a: Spit Poison, Renounce Religion, Bend Time


You were in the Dungeon.
You worshipped Cheibriados.
Cheibriados was pleased with you.
You visited 1 branch

Inventory:

Hand Weapons
 l - a +2 morningstar of protection (weapon)
 m - a +3 vorpal war axe
Armour
 c - a +0 buckler (worn)
 n - a +0 pair of gloves (worn)
 o - a +1 chain mail (worn)
Jewellery
 a - a +3 ring of strength (left hand)
 b - a +2 ring of evasion (right hand)
Wands
 k - a wand of roots (10)
Scrolls
 i - 2 scrolls of amnesia
 j - 2 scrolls of blinking
Potions
 d - a potion of might
 g - 4 potions of curing
 h - 4 potions of magic


   Skills:
 + Level 8.8 Fighting
 + Level 8.5 Axes
 + Level 7.3 Armour
 + Level 8.1 Shields
 + Level 6.3 Invocations


You had 7 spell levels left.
You didn't know any spells.
Your spell library was empty.

Dungeon Overview and Level Annotations

Branches:
Dungeon (1/1)

Altars:
Cheibriados
Dithmenos
Elyvilon
Fedhas
Gozag
Hepliaklqana
Kikubaaqudgha
Makhleb
Nemelex Xobeh
Okawaru
Qazlal
Ru
Sif Muna
Trog
Uskayaw
Vehumet
Wu Jian
Xom
Yredelemnul
Zin
The Shining One
Jiyva
Lugonu


Innate Abilities, Weirdness & Mutations

Your serpentine skin is tough. (AC +2)
You have supernaturally acute eyesight. (SInv)
Armour fits poorly on your strangely shaped body.
Your system is resistant to poisons. (rPois)
You cover ground very slowly.
You can spit poison.
You have a snake-like lower body.


Message History

The six-headed hydra bites you.
The six-headed hydra bites you but does no damage. x2
You hit the six-headed hydra.
The six-headed hydra is heavily wounded.
The golden eye blinks at you.
You are confused.
The boulder beetle curls into a ball and begins rolling!
The six-headed hydra bites you!
* * * LOW HITPOINT WARNING * * *
The six-headed hydra bites you.
* * * LOW HITPOINT WARNING * * *
The six-headed hydra bites you but does no damage.
The six-headed hydra bites you.
* * * LOW HITPOINT WARNING * * *
The six-headed hydra bites you but does no damage.
The six-headed hydra bites you.
* * * LOW HITPOINT WARNING * * *
You feel much better.
The golden eye blinks!
The six-headed hydra bites you but does no damage.
The six-headed hydra bites you!
* * * LOW HITPOINT WARNING * * *
The six-headed hydra bites you but does no damage.
The six-headed hydra bites you.
* * * LOW HITPOINT WARNING * * *
The six-headed hydra bites you but does no damage.
The six-headed hydra bites you.
* * * LOW HITPOINT WARNING * * *
The boulder beetle stops rolling and uncurls.
Okay, then.
You are too injured to fight recklessly!
Unknown command.
You bump into the unnaturally hard rock wall.
The six-headed hydra bites you but does no damage. x2
The six-headed hydra closely misses you.
The six-headed hydra bites you.
* * * LOW HITPOINT WARNING * * *
The six-headed hydra bites you.
* * * LOW HITPOINT WARNING * * *
The six-headed hydra bites you!
You die... ▓▓▓▓▓▓▓▓▓▓▓▓▓▓▓▓▓▓▓▓▓▓▓▓ ..GBTuD@...)÷'..[...)..' ▓▓▓▓▓▓▓▓▓▓▓▓▓▓▓▓▓▓▓▓▓▓▓▓

You could see a boulder beetle, a six-headed hydra, a cyan ugly thing, a troll and a golden eye shaped shifter.

Vanquished Creatures
  A kobold demonologist (D)
  A wyvern (D)
  A shadow (D)
  An acid dragon (D)
  A water moccasin (D)
  A kobold brigand (D)
  A scorpion (D)
  A wight (D)
  An iguana (D)
  An adder (D)
  An orc (D)
  2 endoplasms (D)
  A giant cockroach (D)
  A goblin (D)
  A rat (D)
16 creatures vanquished.

Vanquished Creatures (others)
  A yak (D)
1 creature vanquished.

Grand Total: 17 creatures vanquished

Notes
Turn   | Place    | Note
-------+----------+-------------------------------------------
     0 | D        | Groucho the Naga Fighter began the quest for the Orb.
     0 | D        | Reached XP level 1. HP: 21/21 MP: 1/1
   658 | D        | Noticed a water moccasin
   658 | D        | Noticed an iguana
   658 | D        | Noticed a scorpion
   665 | D        | Killed a scorpion
   666 | D        | Reached XP level 2. HP: 12/31 MP: 2/2
   666 | D        | Reached XP level 3. HP: 15/38 MP: 3/3
   666 | D        | Reached XP level 4. HP: 17/45 MP: 4/4
   673 | D        | Reached skill level 5 in Fighting
   675 | D        | Killed a water moccasin
   676 | D        | Reached skill level 5 in Armour
   676 | D        | Reached skill level 5 in Shields
   676 | D        | Reached XP level 5. HP: 11/56 MP: 5/5
  1052 | D        | Found a snail-covered altar of Cheibriados.
  1052 | D        | Found a shadowy altar of Dithmenos.
  1052 | D        | Found a white marble altar of Elyvilon.
  1052 | D        | Found a blossoming altar of Fedhas.
  1052 | D        | Found an opulent altar of Gozag.
  1053 | D        | Found a hazy altar of Hepliaklqana.
  1054 | D        | Found a viscous altar of Jiyva.
  1055 | D        | Found an ancient bone altar of Kikubaaqudgha.
  1056 | D        | Became a worshipper of Cheibriados the Contemplative
  1057 | D        | Found a corrupted altar of Lugonu.
  1058 | D        | Found a burning altar of Makhleb.
  1059 | D        | Found a sparkling altar of Nemelex Xobeh.
  1060 | D        | Found an iron altar of Okawaru.
  1061 | D        | Found a stormy altar of Qazlal.
  1062 | D        | Found a sacrificial altar of Ru.
  1063 | D        | Found a shimmering blue altar of Sif Muna.
  1064 | D        | Found a bloodstained altar of Trog.
  1065 | D        | Found a hide-covered altar of Uskayaw.
  1066 | D        | Found a radiant altar of Vehumet.
  1067 | D        | Found an ornate altar of the Wu Jian Council.
  1068 | D        | Found a shimmering altar of Xom.
  1069 | D        | Found a basalt altar of Yredelemnul.
  1070 | D        | Found a glowing silver altar of Zin.
  1071 | D        | Found a glowing golden altar of the Shining One.
  1132 | D        | Noticed a kobold brigand
  1132 | D        | Noticed a yak
  1132 | D        | Noticed an acid dragon
  1132 | D        | Noticed a shadow
  1132 | D        | Noticed a wyvern
  1135 | D        | Killed a wyvern
  1136 | D        | Reached XP level 6. HP: 49/66 MP: 5/8
  1141 | D        | Killed a shadow
  1141 | D        | Reached * piety under Cheibriados
  1142 | D        | Reached XP level 7. HP: 53/73 MP: 5/10
  1144 | D        | Killed a yak
  1150 | D        | Reached skill level 5 in Invocations
  1154 | D        | Reached ** piety under Cheibriados
  1518 | D        | Noticed a troll
  1518 | D        | Noticed a cyan ugly thing
  1518 | D        | Noticed a six-headed hydra
  1518 | D        | Noticed a boulder beetle
  1518 | D        | Noticed a raiju
  1518 | D        | Noticed a kobold demonologist
  1526 | D        | Noticed an orange demon
  1527 | D        | Killed a kobold demonologist
  1528 | D        | Reached XP level 8. HP: 84/84 MP: 12/12
  1534 | D        | a raiju changed into a golden eye
  1542 | D        | Slain by a six-headed hydra

Illustrated notes

Levels and vault maps discovered:
D:        linesprint [early_d, line_temple, items_1, d_10, items_2, lair_1,
          lair_end, items_3, orc_1, orc_end, items_4, d_15, swamp_1, shoals_1,
          snake_1, spider_1, d_20, vaults_1, items_5, swamp_end, shoals_end,
          snake_end, spider_end, vaults_end, d_27, items_6, zot_1, zot_end,
          crypt_end, forest_end, elf_end, slime_end, tomb_end, abyss_end,
          pan_hell_end]

Skill      XL: |  1  2  3  4  5  6  7 |
---------------+----------------------+-----
Shields        | 4 5 6 7 8 |  8.1
Fighting       | 4 6 7 8 |  8.8
Axes           | 4 6 7 8 |  8.5
Armour         | 4 5 6 7 |  7.3
Invocations    | 3 4 6 |  6.3

Action                   |  1- 3 |  4- 6 |  7- 9 || total
-------------------------+-------+-------+-------++-------
Melee: War axe           |    17 |    23 |    22 ||    62
       Morningstar       |       |       |     8 ||     8
  Use: Potion            |     1 |     3 |     3 ||     7
 Stab: Invisible         |       |       |     5 ||     5
Armor: Scale mail        |     3 |     4 |       ||     7
       Chain mail        |       |     4 |    32 ||    36
Dodge: Dodged            |     3 |     5 |    20 ||    28
Block: Buckler           |     5 |     5 |    21 ||    31
